cohdb
Replays
Latest Replays
All Replays
Popular Replays
Top Player Replays
Match Explorer
How It Works
Community
CoH3 Stats
Reddit
Sign in to upload your games and track your stats! →
Sign in with Steam
Match 41782554
Unlisted
Match 41782554
Overview
Messages
Build Orders
End
Construct Section Command Post
Royal Engineer Section
Infantry Section
Construct Platoon Command Post
ML 3-inch Mortar Team
Vickers Machine Gun Team
6-pounder Anti-tank Gun Team
Selects Indian Artillery Battlegroup
Selects Valour
Selects Gurkha Rifles Section
Construct Company Command Post
Gurkha Rifles Section
Foot Guards Section
Selects Volunteer Infantry
Foot Guards Section
Infantry Training
CMP 15cwt Truck
Selects Artillery Saturation
Unlock Towed 17-pounder Anti-tank Guns
Selects Off-map Airburst Barrage
17-pounder Anti-tank Gun Team
Unlock M3 Grant Medium Tanks
Off-map Airburst Barrage
M3 Grant Medium Tank
Selects Perimeter Monitor
Perimeter Monitor
M3 Grant Medium Tank
Royal Engineer Section
M3 Grant Medium Tank
Armored Vehicle Training
Off-map Airburst Barrage
Foot Guards Section
Off-map Airburst Barrage
M3 Grant Medium Tank
Turamarth
Cactusgreymon
MadMan
UH|dun! ツ
UH|ck
iceman
0
0
Comments
sign in to comment!
No comments posted yet!